 Dungeon Crawl Stone Soup version 0.31.0-12-g77e489cdc1 (webtiles) character file.

Game seed: 840043511900422304

1237 hawla the Ducker (level 8, 0/64 HPs)
             Began as a Minotaur Fighter on Feb 18, 2024.
             Slain by Pikel
             ... wielding a +0 whip of electrocution
              (4 damage)
             ... on level 5 of the Dungeon.
             The game lasted 00:08:53 (3876 turns).

hawla the Ducker (Minotaur Fighter)                 Turns: 3876, Time: 00:08:55

Health: 0/64       AC: 12    Str: 22    XL:     8   Next: 24%
Magic:  7/7        EV: 10    Int:  5    God:
Gold:   382        SH:  5    Dex: 11    Spells: 7/7 levels left

rFire   + . .        a - +1 long sword
rCold   . . .        c - +0 buckler
rNeg    . . .        q - +2 chain mail {rF+}
rPois   .            (helmet restricted)
rElec   .            (no cloak)
rCorr   .            e - +0 pair of gloves
SInv    .            (no boots)
Will    .....        k - amulet of regeneration Stlth
                     (no ring)
HPRegen 1.10/turn    (no ring)
MPRegen 0.10/turn

%: no passive effects
@: no status effects
A: horns 2, retaliatory headbutt
a: no special abilities


You were on level 5 of the Dungeon.
You visited 1 branch of the dungeon, and saw 5 of its levels.

You collected 382 gold pieces.

Inventory:

Hand Weapons
 a - a +1 long sword (weapon)
Missiles
 f - 8 poisoned darts (quivered)
 o - 4 atropa-tipped darts
Armour
 c - a +0 buckler (worn)
 e - a +0 pair of gloves (worn)
 q - a +2 chain mail of fire resistance (worn)
Jewellery
 k - an amulet of regeneration (around neck)
Wands
 p - a wand of flame (19)
Scrolls
 b - a scroll of fear
 g - a scroll of fog
 h - a scroll of brand weapon {unknown}
 j - 3 scrolls of teleportation
 m - a scroll of blinking
 r - a scroll of identify
Potions
 d - 3 potions of might
 i - a potion of magic
 s - a potion of heal wounds {unknown}


   Skills:
 - Level 3.6 Fighting
 - Level 2.4 Long Blades
 - Level 6.0 Throwing
 - Level 3.6 Armour
 + Level 7.8 Dodging
 - Level 5.0 Shields


You had 7 spell levels left.
You didn't know any spells.
Your spell library was empty.

Dungeon Overview and Level Annotations

Branches:
Dungeon (5/15)
 Temple: D:4-7

Altars:
Cheibriados
Elyvilon
Hepliaklqana
Kikubaaqudgha
Okawaru
Ru
Wu Jian
The Shining One

Shops:
D:1 :

Annotations:
D:5 Pikel


Innate Abilities, Weirdness & Mutations

You have a pair of horns on your head.
You reflexively headbutt those who attack you in melee.


Message History

You miss the lemure. You headbutt the lemure!
The lemure is heavily wounded.
Pikel closely misses you. The lemure closely misses you.
The lemure hits you but does no damage. The lemure hits you. x2
* * * LOW HITPOINT WARNING * * *
You miss the lemure. You headbutt the lemure.
The lemure is severely wounded.
Pikel closely misses you. The lemure barely misses you.
The lemure hits you but does no damage. x2; The lemure closely misses you.
You're too confused to move!
Pikel hits you with a +0 whip of electrocution!
* * * LOW HITPOINT WARNING * * *
The lemure hits you but does no damage. The lemure misses you.
The lemure hits you but does no damage. The lemure barely misses you.
You miss Pikel.
Pikel is heavily wounded.
You feel less invigorated. Pikel misses you. The lemure hits you.
The lemure barely misses you. The lemure misses you.
The lemure hits you but does no damage.
You closely miss the lemure. Your headbutt misses the lemure.
Pikel zaps a wand.
Your will is overpowered!
You are more confused.
The lemure hits you.
* * * LOW HITPOINT WARNING * * *
The lemure hits you.
* * * LOW HITPOINT WARNING * * *
The lemure barely misses you. The lemure hits you but does no damage.
The lemure hits you!
* * * LOW HITPOINT WARNING * * *
The lemure hits you but does no damage.
Pikel hits you with a +0 whip of electrocution.
* * * LOW HITPOINT WARNING * * *
The lemure closely misses you. The lemure barely misses you.
It was a potion of cancellation.
Your magical effects are unravelling.
You feel magically purged.
You feel less confused.
You feel a little less mighty now.
Pikel hits you with a +0 whip of electrocution.
You die...
Pikel says, "See you in Hell!"

##.....#**,,,,,,**
.......#,,,,,,,,,*
.....#...##.,,,,**
..####,#.#..,,*** ###_##**#...##*
.#~~~##*#....# .~≈~≈~##,....####
.~≈.≈~...,##....###
.~≈≈≈~..#*#....5@5#####**********
..~~~..#####...5K5......,,,,,,,,,
........##.....#.......#,,,,,,**,
........#......##......#,,,,,**,,
.......###......##.....#,,,,**,,,
.......##........##....#,,,**,,,,
..................##...#,,**,,^,,
.......#...........##..#,**,,,,,,
..............#.....*##***,,,,,,,


You could see Pikel and 4 lemures.

Vanquished Creatures
  Grinder (D:4)
  Sigmund (D:2)
  An ice beast (D:5)
  An ogre (D:4)
  2 phantoms (D:4)
  3 scorpions
  3 hounds
  A jelly (D:5)
  An iguana (D:4)
  3 orc wizards (D:4)
  Terence (D:3)
  4 adders
  A gnoll (D:4)
  2 ufetubi (D:4)
  4 dart slugs
  A ribbon worm (D:2)
  5 orcs
  3 bats
  5 endoplasms
  2 giant cockroaches
  4 goblins
  3 hobgoblins
  3 jackals
  11 kobolds
  9 quokkas
  6 ball pythons
  3 frilled lizards
  3 rats
87 creatures vanquished.

Notes
Turn   | Place    | Note
-------+----------+-------------------------------------------
     0 | D:1      | hawla the Minotaur Fighter began the quest for the Orb.
     0 | D:1      | Reached XP level 1. HP: 19/19 MP: 0/0
   197 | D:1      | Reached XP level 2. HP: 26/26 MP: 1/1
   325 | D:1      | Found Limos's Book Emporium.
   736 | D:2      | Reached skill level 5 in Shields
   848 | D:2      | Reached XP level 3. HP: 30/31 MP: 2/2
   897 | D:2      | Noticed Sigmund
   915 | D:2      | Reached skill level 1 in Throwing
   915 | D:2      | Killed Sigmund
   916 | D:2      | Reached XP level 4. HP: 17/39 MP: 3/3
   916 | D:2      | Reached XP level 5. HP: 20/45 MP: 4/4
  1371 | D:2      | Found a faded altar of an unknown god.
  1754 | D:3      | Found a hazy altar of Hepliaklqana.
  1870 | D:3      | Noticed Terence
  1877 | D:3      | Killed Terence
  2027 | D:3      | Reached skill level 5 in Throwing
  2271 | D:4      | Found a white marble altar of Elyvilon.
  2329 | D:4      | Reached XP level 6. HP: 48/51 MP: 5/5
  2471 | D:4      | Reached skill level 1 in Dodging
  2515 | D:4      | Reached skill level 2 in Dodging
  2570 | D:4      | Found a sacrificial altar of Ru.
  2584 | D:4      | Reached skill level 3 in Dodging
  2584 | D:4      | Reached XP level 7. HP: 44/57 MP: 6/6
  2656 | D:4      | Reached skill level 4 in Dodging
  2795 | D:4      | Noticed Grinder
  2806 | D:4      | Killed Grinder
  2807 | D:4      | Reached skill level 5 in Dodging
  2934 | D:4      | Reached skill level 6 in Dodging
  2952 | D:4      | Found an iron altar of Okawaru.
  3147 | D:4      | Reached XP level 8. HP: 64/64 MP: 7/7
  3147 | D:4      | Found an ancient bone altar of Kikubaaqudgha.
  3433 | D:5      | Entered Level 5 of the Dungeon
  3446 | D:5      | Found a glowing golden altar of the Shining One.
  3467 | D:5      | Found a snail-covered altar of Cheibriados.
  3533 | D:5      | Reached skill level 7 in Dodging
  3664 | D:5      | Found an ornate altar of the Wu Jian Council.
  3852 | D:5      | Noticed Pikel
  3875 | D:5      | HP: 3/64 [Pikel/+0 whip of electrocution (6)]
  3876 | D:5      | Slain by Pikel

Illustrated notes

Levels and vault maps discovered:
D:1:      roderic_octagonal_star, layout_rooms, serial_shops,
          nicolae_lakefront_shop, minmay_misc_feat_more_columns
D:2:      layout_basic, shapermc_ecumenical_altar_flowoftime, uniq_sigmund
D:3:      layout_rooms, nzn_hepliaklqana_mist_gate, serial_rivers,
          chequers_serial_rivers_marsh, chequers_serial_rivers_small_3,
          chequers_serial_rivers_large_a, chequers_serial_rivers_large_b,
          chequers_serial_rivers_marsh, minmay_misc_feat_room,
          kennysheep_generic_room_8, uniq_terence
D:4:      minmay_recursive_quarters, layout_basic,
          nicolae_overflow_hidden_temple, lemuel_round_altar,
          amcnicky_altar_gilded, nicolae_ru_great_annihilating_truth,
          nicolae_elevator_lobby_plus, uniq_grinder
D:5:      layout_cave_pools, tso_metal_star, nicolae_ashenzari_panopticon,
          mainiacjoe_overflow_alcove_4, zin_treasury, kennysheep_slug_shrine,
          uniq_pikel

Skill      XL: |  1  2  3  4  5  6  7  8 |
---------------+-------------------------+-----
Shields        | 4 5 |  5.0
Throwing       | 4 5 6 |  6.0
Dodging        | 3 6 7 |  7.8
Fighting       | |  3.6
Long Blades    | |  2.4
Armour         | |  3.6

Action                     |  1- 3 |  4- 6 |  7- 9 || total
---------------------------+-------+-------+-------++-------
  Melee: Long sword        |    61 |   163 |    89 ||   313
         Headbutt          |     6 |    25 |    22 ||    53
    Use: Scroll            |     4 |     3 |     3 ||    10
         Potion            |       |     1 |     3 ||     4
   Stab: Paralysed         |       |       |     1 ||     1
 Armour: Scale mail        |    49 |    22 |       ||    71
         Chain mail        |       |   188 |   116 ||   304
  Dodge: Dodged            |    30 |    69 |    66 ||   165
  Block: Buckler           |    11 |    46 |    15 ||    72
